 Dungeon Crawl Stone Soup version 0.31-a0-277-g31ea1f65cc (webtiles) character file.

Game seed: 16297975650982824495

430 Maxmaps the Trooper (level 6, -22/51 HPs)
             Began as a Demonspawn Shapeshifter on July 15, 2023.
             Annihilated by an ogre
             ... wielding a +0 giant club
              (25 damage)
             ... on level 4 of the Dungeon.
             The game lasted 00:04:11 (3938 turns).

Maxmaps the Trooper (Demonspawn Shapeshifter)       Turns: 3938, Time: 00:04:11

Health: -22/51     AC:  2    Str: 15    XL:     6   Next: 66%
Magic:  15/15      EV: 13    Int: 12    God:
Gold:   181        SH:  0    Dex: 13    Spells: 5/5 levels left

rFire   . .          .
                       - Unarmed
rCold   . . .        (no shield)
rNeg    . . .        a - +0 animal skin
rPois   .            d - melded +0 helmet
rElec   .            (cloak currently unavailable)
rCorr   .            (gloves currently unavailable)
SInv    .            (boots currently unavailable)
Will    .....        h - amulet of magic regeneration
Stlth   +            r - ring of magical power
HPRegen 0.28/turn    (no ring)
MPRegen 0.68/turn

%: no passive effects
@: lethally poisoned (-22 -> -28), beast-form
A: beast (slay +1), hooves 2, ignite blood 2, magic regeneration
a: Begin Untransformation


You were on level 4 of the Dungeon.
You were a hulking beast.
You visited 1 branch of the dungeon, and saw 4 of its levels.

You collected 181 gold pieces.

Inventory:

Armour
 a - a +0 animal skin (worn)
 d - a +0 helmet (melded)
 k - a +0 cloak
 q - a +2 leather armour of cold resistance
Jewellery
 h - an amulet of magic regeneration (around neck)
 r - a ring of magical power (left hand)
Talismans
 c - a beast talisman
Wands
 t - a wand of paralysis (13)
Scrolls
 f - a scroll of amnesia {unknown}
 g - a scroll of noise {unknown}
 i - a scroll of immolation {unknown}
 n - a scroll of brand weapon {unknown}
 o - a scroll of revelation {unknown}
 p - a scroll of butterflies {unknown}
 s - 2 scrolls of identify {unknown}
 u - 2 scrolls of teleportation {unknown}
Potions
 b - a potion of lignification
 e - a potion of mutation {unknown}
 j - a potion of invisibility {unknown}
 l - a potion of ambrosia {unknown}
 m - 2 potions of curing {unknown}
 v - a potion of brilliance {unknown}


   Skills:
 - Level 5.2 Fighting
 + Level 4.8 Dodging
 - Level 1.7 Unarmed Combat
 - Level 2.6 Shapeshifting


You had 5 spell levels left.
You didn't know any spells.
Your spell library contained the following spells:

 Spells                   Type           Power      Damage    Failure   Level
 Ensorcelled Hibernation  Hex/Ice        0%         N/A       45%         2
 Passwall                 Tmut/Erth      0%         N/A       45%         2
 Swiftness                Air            0%         N/A       69%         3


Dungeon Overview and Level Annotations

Branches:
Dungeon (4/15)
 Temple: D:4-7

Altars:
Xom

Shops:
D:1 :   D:2 *((*=


Innate Abilities, Weirdness & Mutations

You are a hulking beast.
Your limbs bulge with bestial killing power. (Slay +1)
You have hoof-like feet.
Your demonic aura often causes spilled blood to erupt in flames.
You regenerate magic rapidly.


Message History

You barely miss the scorpion. Your kick misses the scorpion.
The scorpion closely misses you.
There are monsters nearby!
You hit the scorpion but do no damage. Your kick misses the scorpion.
The scorpion barely misses you. The scorpion closely misses you.
The scorpion attacks as you move away!
The scorpion stings you but does no damage.
The scorpion attacks as you move away! The scorpion stings you.
You are poisoned.
The scorpion poisons you!
You feel sick. The scorpion misses you.
You feel sick.
You hit the scorpion.
The scorpion is lightly wounded.
You feel sick.
The scorpion stings you but does no damage.
You hit the scorpion. You kick the scorpion!
The scorpion is severely wounded.
You feel sick. The scorpion stings you.
You are more poisoned.
The scorpion poisons you!
You completely miss the scorpion.
You kick the scorpion, but do no damage.
The scorpion is severely wounded.
You feel very sick. The scorpion barely misses you.
You hit the scorpion. You kick the scorpion.
You kill the scorpion!
You feel very sick.
You hit the ogre.
The ogre is lightly wounded.
You feel sick.
The ogre hits you with a +0 giant club!!
* * * LOW HITPOINT WARNING * * *
You hit the ogre but do no damage. You kick the ogre.
The ogre is lightly wounded.
* * * LOW HITPOINT WARNING * * *
You feel sick.
The ogre hits you with a +0 giant club!!
You die...

.. ... ###.###.# ........#
######### ......... #.......#
.......o# #.#####.##########
........# #h#.).............
........# #O#<##.###########
[.......#####o####)###
.....?...oO...)......#########
..............................
####################..#...####
##.#...### #.+...'.# ###[..#.#


You could see an ogre and an orc.

Vanquished Creatures
  2 ogres (D:4)
  A scorpion (D:4)
  Ijyb (D:3)
  2 iguanas (D:3)
  4 adders
  3 worms
  3 dart slugs (D:1)
  8 orcs
  6 ball pythons
  6 bats
  6 endoplasms
  5 giant cockroaches
  7 goblins
  3 hobgoblins
  3 jackals (D:1)
  3 kobolds
  3 quokkas (D:1)
  4 frilled lizards
  5 rats
75 creatures vanquished.

Notes
Turn   | Place    | Note
-------+----------+-------------------------------------------
     0 | D:1      | Maxmaps the Demonspawn Shapeshifter began the quest for the
                  | Orb.
     0 | D:1      | Reached XP level 1. HP: 16/16 MP: 1/1
    24 | D:1      | Found Homytocs's Vocational Training.
   138 | D:1      | Gained mutation: Your demonic aura sometimes causes spilled
                  | blood to erupt in flames. [demonic ancestry]
   138 | D:1      | Reached XP level 2. HP: 18/23 MP: 2/2
   166 | D:1      | Reached skill level 3 in Fighting
   478 | D:1      | Gained mutation: You have large cloven feet. [demonic
                  | ancestry]
   478 | D:1      | Reached XP level 3. HP: 29/29 MP: 3/3
   643 | D:2      | Found Epuilim's Jewellery Emporium.
  1340 | D:2      | Found Cuff's Weapon Emporium.
  1344 | D:2      | Reached skill level 4 in Fighting
  1358 | D:2      | Found Gacsurobb's Weapon Shop.
  1511 | D:2      | Gained mutation: You regenerate magic rapidly. [demonic
                  | ancestry]
  1511 | D:2      | Reached XP level 4. HP: 34/38 MP: 4/4
  1675 | D:2      | Found Circhuych's General Store.
  1781 | D:2      | Found Niuf's Assorted Antiques.
  2248 | D:3      | Identified the +2 whip of Pestilence {vamp, *Rage rC+++
                  | SInv Stlth+}
  2471 | D:3      | Reached skill level 5 in Fighting
  2856 | D:3      | Noticed Ijyb
  2857 | D:3      | Paralysed by Ijyb for 4 turns
  2863 | D:3      | Paralysed by Ijyb for 2 turns
  2866 | D:3      | Paralysed by Ijyb for 2 turns
  2873 | D:3      | Paralysed by Ijyb for 5 turns
  2874 | D:3      | Killed Ijyb
  2875 | D:3      | Gained mutation: You have hoof-like feet. [demonic
                  | ancestry]
  2875 | D:3      | Reached XP level 5. HP: 43/44 MP: 5/5
  3439 | D:4      | Found a shimmering altar of Xom.
  3439 | D:4      | Noticed an ogre
  3440 | D:4      | Noticed an ogre
  3447 | D:4      | Killed an ogre
  3448 | D:4      | Gained mutation: Your demonic aura often causes spilled
                  | blood to erupt in flames. [demonic ancestry]
  3448 | D:4      | Reached XP level 6. HP: 5/51 MP: 6/6
  3938 | D:4      | Annihilated by an ogre

Illustrated notes

Levels and vault maps discovered:
D:1:      minmay_arrival_arboretum_small, layout_basic, nicolae_shop_vocational
D:2:      layout_basic, serial_shops, shop, nicolae_shop_rolling_square, shop,
          nicolae_shop_behind_doors, nicolae_shop_stone
D:3:      layout_basic, uniq_ijyb
D:4:      layout_basic, lemuel_tele_altar, mainiacjoe_overflow_small_starburst

Skill      XL: |  1  2  3  4  5  6 |
---------------+-------------------+-----
Fighting       | 3 4 5 |  5.2
Dodging        | 2 3 4 |  4.8
Unarmed Combat | |  1.7
Shapeshifting  | |  2.6

Action                     |  1- 3 |  4- 6 || total
---------------------------+-------+-------++-------
  Melee: Unarmed           |   123 |   125 ||   248
         Kick              |    15 |    47 ||    62
         Punch             |     2 |     3 ||     5
   Stab: Sleeping          |     3 |     1 ||     4
 Armour: Animal skin       |    26 |    16 ||    42
  Dodge: Dodged            |    81 |    63 ||   144
         Form:             |     1 |       ||     1
         Beast             |     1 |       ||     1

Table legend: (Time is in decaauts)
 A = Elapsed time spent in this place.
 B = Non-inter-level travel time spent in this place.
 C = Inter-level travel time spent in this place.
 D = Time resting spent in this place.
 E = Time spent auto-exploring this place.
 F = Levels seen in this place.
 G = Mean time per level.
                   A        B        C        D        E       F      G
               +--------+--------+--------+--------+--------+-----+--------+
         Total |   3931 |   3782 |    149 |    232 |   2947 |   4 |  982.8 |
       Dungeon |   3931 |   3782 |    149 |    232 |   2947 |   4 |  982.8 |
               +--------+--------+--------+--------+--------+-----+--------+

Top non-repeatable levels by time:
     D:3: 1732 daAuts
     D:2: 1196 daAuts
     D:1: 640 daAuts
     D:4: 362 daAuts
